NCAA
MARYLAND TERRAPINS @ UTAH UTES
04/06/2028
 
TOP OF THE 1ST
Maryland Terrapins batting - Pitching for Utah Utes : RHP Matt McGrath
Pitching: RHP Matt McGrath
Batting: LHB Edmund Stone 0-0: Called Strike
0-1: Called Strike
0-2: Foul Ball, location: 2F
0-2: Strikes out swinging
Batting: RHB Bill Marsh 0-0: Fly out, F8 (Line Drive, 8LD)
Batting: LHB Gary Powers 0-0: Called Strike
0-1: Called Strike
0-2: Foul Ball, location: 2F
0-2: Foul Ball, location: 2F
0-2: Strikes out looking
Top of the 1st over - 0 run(s), 0 hit(s), 0 error(s), 0 left on base; Maryland 0 - Utah 0
BOTTOM OF THE 1ST
Utah Utes batting - Pitching for Maryland Terrapins : RHP Lúcio Estrada
Pitching: RHP Lúcio Estrada
Batting: RHB Steve Welch 0-0: Ball
1-0: Called Strike
1-1: Foul Ball, location: 2F
1-2: Ball
2-2: Strikes out swinging
Batting: RHB José Ayala 0-0: Ball
1-0: Swinging Strike
1-1: Fly out, F4 (Popup, 3D)
Batting: SHB John May 0-0: Ball
1-0: Ground out 4-3 (Groundball, 4)
Bottom of the 1st over - 0 run(s), 0 hit(s), 0 error(s), 0 left on base; Maryland 0 - Utah 0
TOP OF THE 2ND
Maryland Terrapins batting - Pitching for Utah Utes : RHP Matt McGrath
Batting: RHB Randall James 0-0: Swinging Strike
0-1: Ball
1-1: Called Strike
1-2: Foul Ball, location: 2F
1-2: Strikes out swinging
Batting: LHB Don MacNeill 0-0: Called Strike
0-1: SINGLE (Groundball, 6MD)
Batting: RHB Bill Cooper 0-0: Called Strike
0-1: Ball
1-1: Fly out, F4 (Popup, 4D)
Batting: RHB Juan Arroyo 0-0: Ball
1-0: Foul Ball, location: 2F
1-1: Swinging Strike
1-2: Ball
2-2: Foul Ball, location: 2F
2-2: Ball
3-2: Base on Balls
Don MacNeill to second
Batting: LHB Josh Peterson 0-0: Called Strike
0-1: Ground out 3-1 (Groundball, 34)
Top of the 2nd over - 0 run(s), 1 hit(s), 0 error(s), 2 left on base; Maryland 0 - Utah 0
BOTTOM OF THE 2ND
Utah Utes batting - Pitching for Maryland Terrapins : RHP Lúcio Estrada
Batting: RHB Randy Banks 0-0: Called Strike
0-1: Foul Ball, location: 2F
0-2: Ball
1-2: Ball
2-2: Foul Ball, location: 2F
2-2: Ball
3-2: Ground out 5-3 (Groundball, 56S)
Batting: LHB Robby Bland 0-0: Ball
1-0: Ball
2-0: Foul Ball, location: 2F
2-1: Fly out, F7 (Flyball, 7)
Batting: RHB Kevin Hernández 0-0: Called Strike
0-1: Ball
1-1: Ball
2-1: Called Strike
2-2: Ball
3-2: Base on Balls
Batting: RHB David Banks Pickoff Throw to First - Out!
Bottom of the 2nd over - 0 run(s), 0 hit(s), 0 error(s), 0 left on base; Maryland 0 - Utah 0
TOP OF THE 3RD
Maryland Terrapins batting - Pitching for Utah Utes : RHP Matt McGrath
Batting: LHB James Navarro 0-0: Called Strike
0-1: Called Strike
0-2: Strikes out swinging
Batting: LHB Edmund Stone 0-0: Ball
1-0: Ground out 4-3 (Groundball, 4S)
Batting: RHB Bill Marsh 0-0: Called Strike
0-1: Ball
1-1: Ball
2-1: Swinging Strike
2-2: Strikes out swinging
Top of the 3rd over - 0 run(s), 0 hit(s), 0 error(s), 0 left on base; Maryland 0 - Utah 0
BOTTOM OF THE 3RD
Utah Utes batting - Pitching for Maryland Terrapins : RHP Lúcio Estrada
Batting: RHB David Banks 0-0: Ball
1-0: Foul Ball, location: 2F
1-1: Ground out 5-3 (Groundball, 56)
Batting: LHB Jason King 0-0: Ball
1-0: Foul Ball, location: 2F
1-1: Fly out, F6 (Popup, 6)
Batting: SHB Jeff Mann 0-0: Ball
1-0: Ball
2-0: Called Strike
2-1: Foul Ball, location: 2F
2-2: Ball
3-2: Strikes out swinging
Bottom of the 3rd over - 0 run(s), 0 hit(s), 0 error(s), 0 left on base; Maryland 0 - Utah 0
TOP OF THE 4TH
Maryland Terrapins batting - Pitching for Utah Utes : RHP Matt McGrath
Batting: LHB Gary Powers 0-0: Ball
1-0: Ball
2-0: Called Strike
2-1: Foul Ball, location: 2F
2-2: Foul Ball, location: 2F
2-2: Strikes out swinging
Batting: RHB Randall James 0-0: SINGLE (Flyball, 8RS)
Batting: LHB Don MacNeill 0-0: Ball
1-0: Ball
2-0: Fly out, F8 (Flyball, 8RD)
Batting: RHB Bill Cooper 0-0: Called Strike
0-1: Ball
Randall James steals 2nd base
1-1: Swinging Strike
1-2: Foul Ball, location: 2F
1-2: Ball
2-2: Foul Ball, location: 2F
2-2: Strikes out looking
Top of the 4th over - 0 run(s), 1 hit(s), 0 error(s), 1 left on base; Maryland 0 - Utah 0
BOTTOM OF THE 4TH
Utah Utes batting - Pitching for Maryland Terrapins : RHP Lúcio Estrada
Batting: RHB Steve Welch 0-0: Ball
1-0: Ball
2-0: Ball
3-0: Base on Balls
Batting: RHB José Ayala 0-0: Called Strike
0-1: Foul Ball, location: 2F
0-2: Ball
Steve Welch steals 2nd base
1-2: Ball
2-2: Foul Ball, location: 2F
2-2: Fly out, F8 (Line Drive, 8LM)
Batting: SHB John May 0-0: Called Strike
0-1: Ball
1-1: Called Strike
1-2: Ball
2-2: Strikes out swinging
Batting: RHB Randy Banks 0-0: Foul Ball, location: 2F
0-1: Ball
1-1: Ball
2-1: Foul Ball, location: 2F
2-2: SINGLE (Groundball, 56S) (infield hit)
Steve Welch to third
Batting: LHB Robby Bland 0-0: Ball
1-0: Fly out, F7 (Flyball, 78S)
Bottom of the 4th over - 0 run(s), 1 hit(s), 0 error(s), 2 left on base; Maryland 0 - Utah 0
TOP OF THE 5TH
Maryland Terrapins batting - Pitching for Utah Utes : RHP Matt McGrath
Batting: RHB Juan Arroyo 0-0: Swinging Strike
0-1: Foul Ball, location: 2F
0-2: Ball
1-2: Foul Ball, location: 2F
1-2: Fly out, F7 (Flyball, 78S)
Batting: LHB Josh Peterson 0-0: DOUBLE (Line Drive, 9LM)
Batting: LHB James Navarro 0-0: Called Strike
0-1: Called Strike
0-2: Strikes out looking
Batting: LHB Edmund Stone 0-0: Ball
1-0: Swinging Strike
1-1: Ball
2-1: Ball
3-1: Base on Balls
Batting: RHB Bill Marsh 0-0: Called Strike
0-1: Called Strike
0-2: SINGLE (Line Drive, 8LS)
Josh Peterson to third
Edmund Stone to second
Runner from 3rd tries for Home, SAFE, no throw
Batting: LHB Gary Powers 0-0: Ball
1-0: Ball
2-0: Called Strike
2-1: Foul Ball, location: 2F
2-2: Ground out U3 (Groundball, 34)
Top of the 5th over - 1 run(s), 2 hit(s), 0 error(s), 2 left on base; Maryland 1 - Utah 0
BOTTOM OF THE 5TH
Utah Utes batting - Pitching for Maryland Terrapins : RHP Lúcio Estrada
Batting: RHB Kevin Hernández 0-0: Swinging Strike
0-1: Foul Ball, location: 2F
0-2: Ball
1-2: Fly out, F6 (Popup, 56D)
Batting: RHB David Banks 0-0: Fly out, F7 (Line Drive, 7)
Batting: LHB Jason King 0-0: SINGLE (Groundball, 6MD)
Batting: SHB Jeff Mann 0-0: Called Strike
Jason King is caught stealing 2nd base
Bottom of the 5th over - 0 run(s), 1 hit(s), 0 error(s), 0 left on base; Maryland 1 - Utah 0
TOP OF THE 6TH
Maryland Terrapins batting - Pitching for Utah Utes : RHP Matt McGrath
Batting: RHB Randall James 0-0: Ball
1-0: Foul Ball, location: 2F
1-1: Ball
2-1: Foul Ball, location: 2F
2-2: Ball
3-2: Foul Ball, location: 2F
3-2: Base on Balls
Pitching: RHP Carl Williamson
Batting: LHB Don MacNeill 0-0: Foul Ball, location: 2F
0-1: Called Strike
0-2: Foul Ball, location: 2F
0-2: Ball
1-2: Ball
2-2: Foul Ball, location: 2F
2-2: Grounds into double play, 4-6-3 (Groundball, 4)
Batting: RHB Bill Cooper 0-0: Ball
1-0: Ball
2-0: Fly out, F8 (Flyball, 8RM)
Top of the 6th over - 0 run(s), 0 hit(s), 0 error(s), 0 left on base; Maryland 1 - Utah 0
BOTTOM OF THE 6TH
Utah Utes batting - Pitching for Maryland Terrapins : RHP Lúcio Estrada
Batting: SHB Jeff Mann 0-0: Foul Ball, location: 2F
0-1: Ball
1-1: Foul Ball, location: 2F
1-2: Ball
2-2: Foul Ball, location: 2F
2-2: Strikes out looking
Batting: RHB Steve Welch 0-0: Called Strike
0-1: Swinging Strike
0-2: Ball
1-2: Strikes out looking
Batting: RHB José Ayala 0-0: Called Strike
0-1: Swinging Strike
0-2: Ball
1-2: Strikes out swinging
Bottom of the 6th over - 0 run(s), 0 hit(s), 0 error(s), 0 left on base; Maryland 1 - Utah 0
TOP OF THE 7TH
Maryland Terrapins batting - Pitching for Utah Utes : RHP Carl Williamson
Batting: RHB Juan Arroyo 0-0: Called Strike
0-1: Swinging Strike
0-2: Ball
1-2: Fly out, F9 (Flyball, 89S)
Pitching: LHP Franklin O'Morchoe
Batting: LHB Josh Peterson 0-0: Ball
1-0: Called Strike
1-1: Ball
2-1: Foul Ball, location: 2F
2-2: Ball
3-2: Foul Ball, location: 2F
3-2: Strikes out looking
Batting: LHB James Navarro 0-0: Ball
1-0: Swinging Strike
1-1: Ball
2-1: Ball
3-1: Called Strike
3-2: Foul Ball, location: 2F
3-2: Foul Ball, location: 2F
3-2: Base on Balls
Pitching: RHP Anderson Corrigan
Batting: LHB Edmund Stone 0-0: Ball
1-0: Foul Ball, location: 2F
1-1: Ball
2-1: Ball
3-1: Base on Balls
James Navarro to second
Pinch Runner at 2nd Michael Wilson:
Batting: RHB Bill Marsh 0-0: Ball
1-0: Called Strike
1-1: Foul Ball, location: 2F
1-2: Strikes out swinging
Top of the 7th over - 0 run(s), 0 hit(s), 0 error(s), 2 left on base; Maryland 1 - Utah 0
BOTTOM OF THE 7TH
Utah Utes batting - Pitching for Maryland Terrapins : RHP Lúcio Estrada
Pitching: RHP Herb Shilling
Now at SS: Michael Wilson
Batting: SHB John May 0-0: Ball
1-0: Called Strike
1-1: Foul Ball, location: 2F
1-2: Ball
2-2: Strikes out looking
Batting: RHB Randy Banks 0-0: Called Strike
0-1: Ball
1-1: Ball
2-1: Fly out, F8 (Flyball, 8LM)
Batting: LHB Robby Bland 0-0: Called Strike
0-1: Ball
1-1: Fly out, F8 (Line Drive, 8RM)
Bottom of the 7th over - 0 run(s), 0 hit(s), 0 error(s), 0 left on base; Maryland 1 - Utah 0
TOP OF THE 8TH
Maryland Terrapins batting - Pitching for Utah Utes : RHP Anderson Corrigan
Batting: LHB Gary Powers 0-0: Ball
1-0: Called Strike
1-1: Ground out 6-3 (Groundball, 6)
Batting: RHB Randall James 0-0: Ball
1-0: SINGLE (Groundball, 56D)
Batting: LHB Don MacNeill 0-0: Ball
1-0: Ball
2-0: Ball
3-0: Base on Balls
Randall James to second
Pinch Hitting: RHB Louis Vance 0-0: Ball
1-0: Swinging Strike
1-1: Fly out, F7 (Flyball, 78S)
Batting: RHB Juan Arroyo 0-0: Ball
1-0: Ball
2-0: Fly out, F4 (Popup, 34S)
Top of the 8th over - 0 run(s), 1 hit(s), 0 error(s), 2 left on base; Maryland 1 - Utah 0
BOTTOM OF THE 8TH
Utah Utes batting - Pitching for Maryland Terrapins : RHP Herb Shilling
Now in LF: Louis Vance
Batting: RHB Kevin Hernández 0-0: Ball
1-0: Ball
2-0: Ball
3-0: Called Strike
3-1: Called Strike
3-2: Foul Ball, location: 2F
3-2: Foul Ball, location: 2F
3-2: Fly out, F9 (Line Drive, 9S)
Batting: RHB David Banks 0-0: Foul Ball, location: 2F
0-1: Swinging Strike
0-2: Strikes out swinging
Pitching: LHP José Pérez
Batting: LHB Jason King 0-0: Fly out, F8 (Flyball, 8LS)
Bottom of the 8th over - 0 run(s), 0 hit(s), 0 error(s), 0 left on base; Maryland 1 - Utah 0
TOP OF THE 9TH
Maryland Terrapins batting - Pitching for Utah Utes : RHP Anderson Corrigan
Pitching: RHP Bruno Poulin
Batting: LHB Josh Peterson 0-0: Swinging Strike
0-1: Ball
1-1: Foul Ball, location: 2F
1-2: Strikes out swinging
Batting: LHB Michael Wilson 0-0: Ball
1-0: Ball
2-0: Ball
3-0: Swinging Strike
3-1: Base on Balls
Batting: LHB Edmund Stone Pickoff Throw to First - Error! E1
Michael Wilson to second
0-0: Intentional Walk
Batting: RHB Bill Marsh 0-0: Fielders Choice at 2nd, 6-4 (Groundball, 6)
Michael Wilson to third
Batting: LHB Gary Powers 0-0: Ball
1-0: Foul Ball, location: 2F
1-1: Ball
Wild Pitch!
Michael Wilson scores
Bill Marsh to second
2-1: Ball
3-1: Base on Balls
Batting: RHB Randall James 0-0: Ball
1-0: Foul Ball, location: 2F
1-1: Fly out, F6 (Line Drive, 6M)
Top of the 9th over - 1 run(s), 0 hit(s), 1 error(s), 2 left on base; Maryland 2 - Utah 0
BOTTOM OF THE 9TH
Utah Utes batting - Pitching for Maryland Terrapins : LHP José Pérez
Pitching: RHP José Salazar
Batting: SHB Jeff Mann 0-0: Ball
1-0: Ball
2-0: Ball
3-0: Called Strike
3-1: Base on Balls
Pinch Hitting: RHB Anthony O'Bryan 0-0: Ball
1-0: Foul Ball, location: 2F
1-1: Ball
2-1: Ball
3-1: Base on Balls
Jeff Mann to second
Pinch Hitting: RHB Rafael Cardenas 0-0: Ball
1-0: Sac Bunt - play at first, batter OUT! 1-4
Jeff Mann to third
Anthony O'Bryan to second
Batting: SHB John May 0-0: Called Strike
0-1: Called Strike
0-2: Strikes out swinging
Batting: RHB Randy Banks 0-0: Swinging Strike
0-1: Ball
1-1: Ball
2-1: Ball
3-1: Base on Balls
Pinch Hitting: LHB Thad Green 0-0: Swinging Strike
0-1: Called Strike
0-2: Foul Ball, location: 2F
0-2: Foul Ball, location: 2F
0-2: Ball
1-2: Ball
2-2: Ball
3-2: DOUBLE (Flyball, 8LXD)
Jeff Mann scores
Anthony O'Bryan scores
Randy Banks to third
Randy Banks scores
Tuesday, August 8th, 2017 - OOTP Baseball 17.12 Build 75